 Dungeon Crawl Stone Soup version 0.25.1-2-g60ff931df9 (webtiles) character file.

Game seed: 10328916528916655857

318 raphialitos the Chopper (level 6, -4/52 HPs)
             Began as a Minotaur Fighter on Oct 13, 2020.
             Was a Follower of Ru.
             Killed by nerve-wracking pain
             ... invoked by Menkaure
              (5 damage)
             ... on level 4 of the Dungeon.
             The game lasted 00:07:59 (3732 turns).

raphialitos the Chopper (Minotaur Fighter)          Turns: 3732, Time: 00:08:00

Health: -4/52      AC:  8    Str: 22    XL:     6   Next: 21%
Magic:  5/5        EV:  3    Int:  3    God:    Ru [*.....]
Gold:   235        SH: 10    Dex: 10    Spells: 5/5 levels left

rFire    . . .     SeeInvis .   a - +1 war axe
rCold    . . .     Gourm    .   c - +0 kite shield
rNeg     . . .     Faith    .   b - +0 scale mail
rPois    .         Spirit   .   (helmet restricted)
rElec    .         Reflect  .   (no cloak)
rCorr    .         Harm     .   q - +0 pair of gloves
MR       .....                  (no boots)
Stlth    ..........             (no amulet)
HPRegen  0.17/turn              (no ring)
MPRegen  0.09/turn              (no ring)

@: no status effects
A: retaliatory headbutt, horns 2, deterioration 1, dopey 1, mutation resistance
1, reduced EV 1, MP-powered wands
a: Renounce Religion


You were on level 4 of the Dungeon.
You worshipped Ru.
Ru was aware of your devotion.
You were very hungry.

You visited 1 branch of the dungeon, and saw 4 of its levels.

You collected 235 gold pieces.

Inventory:

Hand Weapons
 a - a +1 war axe (weapon)
Missiles
 h - 79 arrows
 l - 35 poisoned darts (quivered)
 m - 51 bolts
 o - 7 boomerangs
Armour
 b - a +0 scale mail (worn)
 c - a +0 kite shield (worn)
 q - a +0 pair of gloves (worn)
Scrolls
 e - 2 scrolls of remove curse
 i - 2 scrolls of teleportation
 p - a scroll of identify
 r - a scroll of immolation {unknown}
 s - a scroll of blinking {unknown}
Potions
 d - a potion of might
 g - 2 potions of cancellation
 k - a potion of haste
Comestibles
 f - 4 rations


   Skills:
 + Level 4.2 Fighting
 + Level 5.1 Axes
 + Level 4.9 Armour
 + Level 1.3 Dodging
 + Level 1.1 Stealth
 + Level 5.1 Shields


You had 5 spell levels left.
You didn't know any spells.
Your spell library was empty.

Dungeon Overview and Level Annotations

Branches:
Dungeon (4/15)
 Temple: D:4-7

Altars:
Ru

Annotations:
D:4 Menkaure


Innate Abilities, Weirdness & Mutations

You reflexively headbutt those who attack you in melee.
You have a pair of horns on your head.
You have somewhat slow reflexes. (EV -5)
Your body sometimes deteriorates upon taking damage.
You are dopey. (Int -2)
You are somewhat resistant to further mutation.
You expend magic power (3 MP) to strengthen your wands.


Message History

Menkaure is moderately damaged.
You slash the worm!
You redirect Menkaure's attack!
You block Menkaure's attack. Menkaure hits you!
* * * LOW HITPOINT WARNING * * *
You block the worm's attack.
You hit Menkaure.
Menkaure is heavily damaged.
You hit the worm but do no damage. Menkaure hits you but does no damage.
Menkaure hits you.
* * * LOW HITPOINT WARNING * * *
The worm bites you.
* * * LOW HITPOINT WARNING * * *
You slash Menkaure!
Menkaure is almost destroyed.
You hit the worm.
You kill the worm!
Menkaure points at you and mumbles some strange words.
Pain shoots through your body!
You die...

#<##.# #................#
#....###......#.##......#
#...###.......#....####.#
#...# #.......####.# #.#
#...###.......# #.# #.#
#.............# #.# #.#
....##.#'###### #.# #.#
.##.###.#.##### #.# ###
.. #.# #..@....# ###
#.†M....# ..........#
..........### ..........#
.....<..... +####+##....
....#


You could see Menkaure (fast).

Vanquished Creatures
  The ghost of Diggabert the Shield-Bearer, an amateur DDFi (D:3)
  A worker ant (D:3)
  6 adders
  5 worms
  4 leopard geckos
  2 orcs (D:3)
  2 ball pythons
  5 giant cockroaches
  9 hobgoblins
  5 jackals
  5 kobolds
  A quokka (D:2)
  10 bats
  2 frilled lizards (D:1)
  5 goblins
  12 rats
75 creatures vanquished.

Notes
Turn   | Place    | Note
-------+----------+-------------------------------------------
     0 | D:1      | raphialitos the Minotaur Fighter began the quest for the
                  | Orb.
     0 | D:1      | Reached XP level 1. HP: 19/19 MP: 0/0
   314 | D:1      | Reached XP level 2. HP: 27/27 MP: 1/1
   780 | D:1      | Reached XP level 3. HP: 33/33 MP: 2/2
  1540 | D:2      | Found a sacrificial altar of Ru.
  1557 | D:2      | Became a worshipper of Ru the Awakened
  1614 | D:2      | Reached XP level 4. HP: 40/40 MP: 3/3
  2722 | D:3      | Reached skill level 1 in Dodging
  2787 | D:3      | Reached XP level 5. HP: 38/46 MP: 4/4
  2998 | D:3      | Gained mutation: You have somewhat slow reflexes. (EV -5)
                  | [Ru sacrifice]
  2998 | D:3      | Reached * piety under Ru
  3021 | D:3      | Found a runed translucent door.
  3232 | D:3      | Noticed Diggabert's ghost (amateur DDFi)
  3237 | D:3      | Gained mutation: Scrolls take you a little longer to read.
                  | [potion of mutation]
  3237 | D:3      | Gained mutation: You have a pair of large horns on your
                  | head. [potion of mutation]
  3238 | D:3      | Lost mutation: Scrolls take you a little longer to read.
                  | [potion of mutation]
  3238 | D:3      | Lost mutation: You have a pair of large horns on your head.
                  | [potion of mutation]
  3238 | D:3      | Gained mutation: You are dopey. (Int -2) [potion of
                  | mutation]
  3238 | D:3      | Gained mutation: You expend magic power (3 MP) to
                  | strengthen your wands. [potion of mutation]
  3238 | D:3      | Gained mutation: Your body sometimes deteriorates upon
                  | taking damage. [potion of mutation]
  3238 | D:3      | Gained mutation: You are somewhat resistant to further
                  | mutation. [potion of mutation]
  3248 | D:3      | HP: 1/46 [Diggabert's ghost (3)]
  3249 | D:3      | Killed Diggabert's ghost
  3249 | D:3      | Reached skill level 5 in Axes
  3249 | D:3      | Reached skill level 1 in Stealth
  3249 | D:3      | Reached skill level 5 in Shields
  3249 | D:3      | Reached XP level 6. HP: 1/52 MP: 5/5
  3723 | D:4      | Noticed Menkaure
  3731 | D:4      | HP: 2/52 [Menkaure (2)]
  3732 | D:4      | Killed from afar by Menkaure

Illustrated notes

Levels and vault maps discovered:
D:1:      minmay_arrival_four_loops, layout_basic, serial_glass,
          glass_columns_a, glass_columns_b, st_stairs_10
D:2:      layout_loops_cross, nicolae_ru_great_annihilating_truth,
          minmay_indecisive_spiral
D:3:      layout_basic, ebering_ghost_reflecting_pool
D:4:      layout_basic, elyvilon_altar_3, minmay_unequal, uniq_grinder,
          uniq_menkaure, uniq_robin

Skill      XL: |  1  2  3  4  5 |
---------------+----------------+-----
Shields        | 4 5 |  5.1
Armour         | 4 |  4.9
Axes           | 3 4 5 |  5.1
Fighting       | 4 |  4.2
Dodging        | 1 |  1.3
Stealth        | 1 |  1.1

Action                   |  1- 3 |  4- 6 || total
-------------------------+-------+-------++-------
Melee: War axe           |   103 |   100 ||   203
       Headbutt          |    10 |    18 ||    28
Invok: Sacrifice Health  |       |     1 ||     1
  Use: Scroll            |     4 |     3 ||     7
       Potion            |       |     3 ||     3
 Stab: Paralysed         |     1 |       ||     1
  Eat: Chunk             |     2 |     6 ||     8
Armor: Scale mail        |    54 |    40 ||    94
Dodge: Dodged            |    38 |    26 ||    64
Block: Kite shield       |    62 |    47 ||   109
